AoeStats
← Superbrasseur

Oasis

508744091Analyzed
3v3 RM · 8d ago on Sep 23, 2026· 19m 35s· 6 players
Game mode
Random Map
Map size
Normal (6 player)
Population
200
Speed
Normal
Resources
Standard
Victory
Conquest
Starting age
Dark Age
Ending age
Imperial Age
RankedLock teamsTeams togetherTeam positionsShared explorationLock speedFull tech treeHidden civsTurbo modeCheats
Victory
Defeat
🇫🇷 Britons · France
1639
+8
🇫🇷 Saracens · France
1499
+12
🇫🇷 Saxons · France
1498
+12
🇩🇪 Ethiopians · Germany
1495
-13
🇧🇷 Wei · Brazil
1399
-10
🇺🇸 Danes · United States
1387
-9
mikeymazko
6:38 Loom
9:15 Feudal Age
9:24 Man-at-Arms
13:08 Arson
Kempinho
FingerDash_262
6:26 Loom
9:35 Feudal Age
10:33 Double-Bit Axe
13:13 Fletching
13:33 Horse Collar
tony le gros rou
6:39 Loom
9:15 Feudal Age
ccereal
5:43 Loom
7:55 Feudal Age
12:38 Fletching
17:40 Double-Bit Axe
17:41 Horse Collar
Superbrasseur
3:22 Loom
9:40 Feudal Age
10:42 Double-Bit Axe
12:01 Gold Mining
14:35 Fletching
15:57 Padded Archer Armor
16:07 Horse Collar
20:13 Wheelbarrow
Connection lost

Rejoining the realm…

Still unreachable

The connection could not be restored.

Session expired

The server has moved on; the page needs a fresh start.